Map: Shrines of Lizul

Players

Cylon

  • Race: Zerg Zerg
  • League: Platinum
  • Spawn Location: 9:00

ILIEKEGGPIE

  • Race: Protoss Protoss
  • League: Platinum
  • Spawn Location: 6:00

Psy

  • Race: Zerg Zerg
  • League: Gold
  • Spawn Location: 3:00

Pownalicious

  • Race: Protoss Protoss
  • Spawn Location: 12:00

VOD

Have the link to the VOD?

Description

Time

  • Played on: May 24, 2018, 4:13 p.m.
  • Length: 9:10
Show
View Real Time Build Order
Export as new Build Order

Cylon Zerg 

Build Orders: Pool First 

Get SALT Encoding   

  12  0:01  Drone  
  13  0:13  Overlord  
  13  0:20  Drone  
  14  0:24  Extractor  
  14  0:25  Drone  
  14  0:46  Spawning Pool  
  14  0:48  Drone  
  14  0:52  Drone  
  15  1:01  Drone x2  
  17  1:12  Overlord  
  17  1:33  Metabolic Boost  
  17  1:35  Queen  
  17  1:36  Zergling x2  
  17  1:38  Zergling x2  
  21  1:53  Zergling x2  
  22  2:00  Zergling x2  
  23  2:08  Zergling x2  
  24  2:15  Zergling x2  
  25  2:28  Zergling x2  
  26  2:43  Hatchery, Zergling x2  
  26  2:44  Zergling x6  
  29  3:01  Zergling x2  
  30  3:19  Zergling x6  
  29  3:20  Zergling x2  
  24  3:27  Zergling x4  
  24  3:32  Spine Crawler  
  24  3:38  Zergling x2  
  25  3:50  Spine Crawler  
  23  4:03  Zergling x10  
  23  4:19  Queen  
  23  4:21  Zergling x2  
  18  4:27  Zergling x6  
  18  4:28  Zergling x2  
  11  4:46  Drone  
  4  5:15  Drone  
  1  5:59  Drone  
  2  6:20  Drone x3  
  2  6:22  Drone  
  2  6:23  Drone x2  
  8  6:40  Drone  
  9  6:57  Spawning Pool  
  9  7:00  Drone  
  9  7:09  Drone  
  9  7:10  Drone  
  9  7:14  Drone  
  12  7:19  Drone  
  13  7:33  Drone  
  13  7:35  Drone  
  13  7:36  Drone x2  
  17  7:56  Spine Crawler  
  16  8:01  Baneling Nest  
  9  8:13  Spine Crawler  
  9  8:19  Spine Crawler  
  6  8:21  Spine Crawler  
  6  8:22  Queen  
  6  8:43  Drone  
Show
View Real Time Build Order
Export as new Build Order

ILIEKEGGPIE Protoss 

Build Orders:  

Get SALT Encoding   

  12  0:01  Probe  
  13  0:13  Probe  
  14  0:22  Pylon  
  14  0:25  Probe  
  15  0:36  Probe  
  16  0:44  Probe  
  16  0:45  Gateway  
  17  0:53  Assimilator  
  17  0:54  Probe  
  18  1:06  Probe  
  19  1:13  Gateway  
  19  1:16  Probe  
  19  1:22  Assimilator  
  20  1:29  Pylon  
  20  1:37  Cybernetics Core  
  20  1:39  Probe  
  20  1:51  Probe  
  21  2:03  Probe  
  21  2:05  Adept  
  22  2:14  Adept, Warp Gate  
  26  2:33  Robotics Facility  
  26  2:34  Adept  
  28  3:05  Adept  
  30  3:09  Pylon  
  30  3:22  Immortal  
  30  3:27  Adept  
  30  3:31  Pylon  
  34  4:09  Gateway  
  34  4:11  Gateway  
  34  4:13  Gateway  
  34  4:17  Warp Prism  
  30  5:15  Adept x4  
  30  5:20  Sentry  
  40  5:40  Sentry  
  40  5:41  Zealot x2  
  46  5:46  Pylon  
  40  6:18  Immortal  
  44  6:19  Stalker  
  44  6:20  Stalker x3  
  52  6:34  Pylon  
  52  6:57  Nexus  
  48  7:44  Zealot x5  
  46  7:58  Immortal  
  34  8:18  Adept x2  
  34  8:19  Adept x2  
  42  8:44  Adept  
  42  8:45  Adept x2  
Show
View Real Time Build Order
Export as new Build Order

Psy Zerg 

Build Orders: Hatch First 

Get SALT Encoding   

  12  0:03  Drone  
  13  0:08  Drone  
  14  0:14  Extractor  
  14  0:15  Drone  
  15  0:43  Hatchery  
  14  0:57  Spawning Pool  
  13  1:06  Extractor  
  13  1:07  Drone x2  
  14  1:13  Overlord  
  14  1:44  Queen  
  16  1:52  Zergling x2  
  16  1:53  Zergling x4  
  19  2:03  Zergling x2  
  20  2:11  Zergling x4  
  22  2:17  Zergling x4  
  22  2:22  Metabolic Boost  
  24  2:28  Zergling x2  
  25  2:32  Zergling x2  
  26  2:44  Zergling x4  
  28  3:01  Overlord x2  
  21  3:28  Zergling x12  
  21  3:29  Zergling x4  
  29  3:40  Zergling x6  
  31  4:14  Zergling x12  
  33  4:25  Zergling x2  
  33  4:26  Zergling x6  
  33  4:30  Queen  
  28  4:48  Zergling x2  
  28  4:49  Zergling x6  
  32  4:56  Zergling x2  
  15  6:12  Drone x5  
  15  6:13  Drone  
  15  6:15  Zergling x6  
  15  6:16  Zergling x12  
  30  6:25  Baneling Nest  
  26  6:52  Zergling x4  
  26  6:53  Zergling x8  
  29  7:07  Spine Crawler  
  28  7:10  Drone x2, Spine Crawler  
  27  7:30  Queen  
  27  7:32  Drone x4  
  33  7:48  Zergling x12  
  33  8:20  Zergling x2  
  33  8:21  Zergling x12  
  40  8:47  Zergling x2  
  40  8:48  Zergling x4  
  43  8:50  Overlord x2  
  43  8:51  Overlord  
Show
View Real Time Build Order
Export as new Build Order

Pownalicious Protoss 

Build Orders:  

Get SALT Encoding   

  1  0:00  Probe  
  13  0:07  Probe  
  14  0:15  Probe  
  15  0:23  Pylon  
  15  0:35  Pylon  
  15  0:40  Pylon  
  15  0:43  Assimilator  
  15  0:59  Gateway  
  15  1:01  Gateway  
  15  1:03  Probe  
  15  1:11  Probe  
  17  1:33  Probe  
  18  1:45  Probe  
  19  1:52  Zealot x2  
  23  1:57  Probe  
  24  2:02  Cybernetics Core  
  24  2:09  Probe  
  29  2:22  Zealot x2  
  29  2:29  Pylon  
  29  2:32  Warp Gate  
  29  2:36  Gateway  
  29  2:50  Stalker  
  29  2:58  Stalker  
  29  3:34  Stalker  
  29  3:35  Stalker  
  33  3:49  Pylon  
  33  3:50  Pylon  
  33  4:04  Stalker  
  35  4:14  Stalker  
  35  4:30  Stalker  
  31  4:45  Zealot  
  25  5:02  Stalker  
  25  5:03  Zealot  
  27  5:12  Zealot  
  29  5:33  Assimilator  
  29  5:48  Stargate  
  29  5:57  Probe  
  30  6:05  Stalker, Probe  
  30  6:07  Zealot x2  
  37  6:15  Probe  
  38  6:27  Probe  
  38  6:30  Void Ray  
  39  6:39  Probe  
  44  6:48  Pylon  
  44  7:34  Nexus  
  38  8:13  Void Ray  
  38  8:18  Stalker x2  
  38  8:19  Stalker  
  48  8:33  Probe  
  49  8:45  Probe  
  50  8:57  Probe  
  51  9:03  Stalker x3  
Tags
 
Add a new tag
Caveats
  • Supply blocks, unpowered buildings, or Contaminate may cause inaccurate times.
  • Supply counts are checked every 10 seconds.